 Dungeon Crawl Stone Soup version 0.31.0-9-g3a7656b989 (webtiles) character file.

Game seed: 12492080075562413875

498 qw the Shooter (level 6, -9/30 HPs)
             Began as a Spriggan Hunter on Feb 2, 2024.
             Killed from afar by an orc wizard (13 damage)
             ... with a puff of flame
             ... on level 5 of the Dungeon.
             The game lasted 00:00:14 (3522 turns).

qw the Shooter (Spriggan Hunter)                    Turns: 3522, Time: 00:00:15

Health: -9/30      AC:  2    Str: 13    XL:     6   Next: 94%
Magic:  7/7        EV: 21    Int: 11    God:
Gold:   275        SH:  0    Dex: 20    Spells: 5/5 levels left

rFire   . . .        a - +1 shortbow
rCold   . . .        (shield currently unavailable)
rNeg    . . .        c - +0 robe
rPois   .            (helmet restricted)
rElec   .            (no cloak)
rCorr   .            (gloves unavailable)
SInv    +            (boots unavailable)
Will    +....        (no amulet)
Stlth   ++           f - +6 ring of strength
HPRegen 0.25/turn    (no ring)
MPRegen 0.10/turn

%: no passive effects
@: about to teleport, very quick
A: very small, no large weapons, unfitting armour, see invisible, speed 3
a: no special abilities


You were on level 5 of the Dungeon.
You visited 2 branches of the dungeon, and saw 6 of its levels.

You collected 275 gold pieces.


Innate Abilities, Weirdness & Mutations

You are very small and have problems with some larger weapons.
You are too small for most types of armour.
You have supernaturally acute eyesight. (SInv)
You cover ground extremely quickly. (Speed+++)


   Skills:
 - Level 2.0 Fighting
 + Level 6.8 Ranged Weapons
 - Level 6.5 Dodging
 - Level 1.5 Stealth


You had 5 spell levels left.
You didn't know any spells.
Your spell library was empty.

Inventory:

Hand Weapons
 a - a +1 shortbow (weapon)
Armour
 c - a +0 robe (worn)
Jewellery
 f - a +6 ring of strength (left hand)
Wands
 d - a wand of charming (11)
 g - a wand of iceblast (7)
Scrolls
 h - 2 scrolls of identify
 j - 2 scrolls of teleportation
Potions
 b - a potion of resistance
 e - a potion of curing

Dungeon Overview and Level Annotations

Branches:
Dungeon (5/15)             Temple (1/1) D:5

Altars:
Ashenzari
Dithmenos
Fedhas
Kikubaaqudgha
Makhleb
Nemelex Xobeh
Qazlal
Ru
Sif Muna
Trog
Uskayaw
Vehumet
Wu Jian
Yredelemnul

Annotations:
D:3 1 runed translucent door, Crazy Yiuf
D:5 1 transporter


Message History

You kill the orc!
You shoot an arrow.
The arrow closely misses the orc wizard.
You shoot an arrow. The arrow hits the orc wizard.
The orc wizard is lightly wounded.
You shoot an arrow. The arrow barely misses the orc wizard.
You shoot an arrow. The gnoll sergeant shouts!
The arrow hits the orc wizard!
The orc wizard is severely wounded.
You shoot an arrow. The arrow hits the orc wizard.
The orc wizard is almost dead.
The orc wizard casts a spell at you. The puff of flame hits you!
You shoot an arrow.
The arrow hits the orc wizard but does no damage.
The orc wizard is almost dead.
You shoot an arrow. The arrow barely misses the orc wizard.
The orc wizard barely misses you.
You shoot an arrow.
The arrow closely misses the orc wizard.
The orc wizard casts a spell at you. You resist with almost no effort.
The orc wizard gestures at you while chanting.
The puff of flame hits you!
You shoot an arrow.
The arrow hits the orc wizard but does no damage.
The orc wizard is almost dead.
The orc wizard points at you and mumbles some strange words.
The puff of flame hits you.
3521 ||| READING 3 scrolls of teleportation.
As you read the scroll of teleportation, it crumbles to dust.
You feel strangely unstable.
The orc wizard points at you and mumbles some strange words.
The puff of flame hits you.
You shoot an arrow.
The arrow closely misses the orc wizard.
The orc wizard points at you and mumbles some strange words.
The puff of flame hits you!
You die...

########
#......##########).
#.......)..@o...)..
#..~~~~~~~~~~~~~~~~
#..~~~~~~~~~~~~~~~~
###..~~#####.........
#....~~#.#g#.###.^.##
#.##.~~#...###g#####
#.##.~~###....gg ...
##.##.~~.8#.######'##
#..##.~~.##.#


You could see a gnoll sergeant, a gnoll bouda, an orc wizard (invisible) and 2
gnolls.

Vanquished Creatures
  A bullfrog (D:5)
  A scorpion (D:5)
  2 hounds (D:5)
  An orc priest (D:5)
  3 iguanas (D:5)
  Ijyb (D:3)
  2 orc wizards (D:5)
  6 adders
  A ribbon worm (D:3)
  10 orcs
  10 ball pythons
  8 endoplasms
  2 giant cockroaches
  8 goblins
  5 hobgoblins
  3 jackals (D:2)
  5 kobolds
  3 bats
  4 frilled lizards
  3 rats
79 creatures vanquished.

Notes
Turn   | Place    | Note
-------+----------+-------------------------------------------
     0 | D:1      | qw the Spriggan Hunter began the quest for the Orb.
     0 | D:1      | Reached XP level 1. HP: 10/10 MP: 2/2
     0 | D:1      | 0 ||| qw: Version: 0.3-a-155-g5e7d8dd
     0 | D:1      | 0 ||| qw: Game counter: 15
     0 | D:1      | 0 ||| qw: Melee chars always use a shield: true
     0 | D:1      | 0 ||| qw: God list: Okawaru
     0 | D:1      | 0 ||| qw: Allow faded altars: false
     0 | D:1      | 0 ||| qw: Do Orc after clearing Dungeon:15 true
     0 | D:1      | 0 ||| qw: Do second Lair branch before Depths: true
     0 | D:1      | 0 ||| qw: Lair rune preference: random
     0 | D:1      | 0 ||| qw: Goals: Normal
     0 | D:1      | 0 ||| PLANNING D:1-11
   132 | D:1      | Reached skill level 3 in Dodging
   202 | D:1      | Reached XP level 2. HP: 14/14 MP: 3/3
   754 | D:1      | 754 ||| READING scroll labelled VALIPE HOTE.
   754 | D:1      | 754 ||| ENCHANTING +0 shortbow.
   755 | D:1      | 755 ||| READING scroll labelled QERUOX FUD.
   756 | D:1      | 756 ||| DROPPING scroll of butterflies.
   800 | D:2      | Reached XP level 3. HP: 18/18 MP: 4/4
  1172 | D:2      | Found a faded altar of an unknown god.
  1427 | D:2      | 1427 ||| UPGRADING to +6 ring of strength.
  1428 | D:2      | 1428 ||| READING 2 scrolls labelled KAVOME KEKK.
  1429 | D:2      | 1429 ||| READING scroll labelled MAHOWN MAFE.
  1429 | D:2      | 1429 ||| IDENTIFYING pink potion
  1430 | D:2      | 1430 ||| READING scroll labelled DEEVEC CYRAMA.
  1430 | D:2      | 1430 ||| ENCHANTING +0 shortbow.
  1431 | D:2      | 1431 ||| READING scroll labelled ZEAKHE GIXTE.
  1432 | D:2      | 1432 ||| DROPPING scroll of noise.
  1497 | D:3      | Reached XP level 4. HP: 10/22 MP: 5/5
  1501 | D:3      | HP: 5/22 [poisoned by an adder]
  1863 | D:3      | Noticed Ijyb
  1876 | D:3      | 1876 ||| DRINKING fizzy white potion.
  1883 | D:3      | Killed Ijyb
  1984 | D:3      | Found a runed translucent door.
  1985 | D:3      | Noticed Crazy Yiuf
  2109 | D:3      | Found a burning altar of Makhleb.
  2262 | D:4      | 2262 ||| FLEEEEING.
  2458 | D:4      | Reached XP level 5. HP: 26/26 MP: 6/6
  2520 | D:4      | Found a radiant altar of Vehumet.
  2589 | D:4      | Found a broken altar of Ashenzari.
  2759 | D:4      | 2759 ||| DROPPING amulet of magic regeneration.
  2760 | D:4      | 2760 ||| READING 6 scrolls of identify.
  2760 | D:4      | 2760 ||| IDENTIFYING glowing sapphire potion
  2761 | D:4      | 2761 ||| READING 5 scrolls of identify.
  2761 | D:4      | 2761 ||| IDENTIFYING murky clear potion
  2762 | D:4      | 2762 ||| READING 4 scrolls of identify.
  2762 | D:4      | 2762 ||| IDENTIFYING scroll labelled ATAOMIOVIT
  2763 | D:4      | 2763 ||| READING 3 scrolls of identify.
  2763 | D:4      | 2763 ||| IDENTIFYING 3 scrolls labelled SUC LEAWKUEBRECUEW
  2764 | D:4      | 2764 ||| DROPPING scroll of summoning.
  2765 | D:4      | 2765 ||| DROPPING potion of ambrosia.
  2766 | D:4      | 2766 ||| DROPPING potion of berserk rage.
  2783 | D:5      | Entered Level 5 of the Dungeon
  2786 | D:5      | Found a sacrificial altar of Ru.
  2824 | D:5      | 2824 ||| RETREEEEATING.
  2825 | D:5      | 2825 ||| RETREEEEATING.
  2826 | D:5      | 2826 ||| RETREEEEATING.
  2827 | D:5      | 2827 ||| RETREEEEATING.
  2840 | D:5      | Reached skill level 6 in Ranged Weapons
  2951 | D:5      | Reached XP level 6. HP: 30/30 MP: 7/7
  2953 | D:5      | Found a transporter.
  2962 | D:5      | Identified the +7 scale mail "Zuatt" {rElec Will- Regen+
                  | SInv}
  2962 | D:5      | Identified the +3 buckler "Meng" {Dex+6}
  2991 | D:5      | Identified the +2 quarterstaff "Roqan" {elec, *Noise rPois
                  | Str+7 Dex-2}
  3126 | D:5      | Reached skill level 6 in Dodging
  3243 | D:5      | Found a staircase to the Ecumenical Temple.
  3244 | D:5      | 3244 ||| PLANNING TEMPLE
  3297 | D:5      | 3297 ||| DROPPING +6 ring of intelligence.
  3298 | D:5      | 3298 ||| READING 3 scrolls of identify.
  3298 | D:5      | 3298 ||| IDENTIFYING inky potion
  3303 | Temple   | Entered the Ecumenical Temple
  3304 | Temple   | 3304 ||| PLANNING D:1-11
  3390 | D:5      | Found a shadowy altar of Dithmenos.
  3390 | D:5      | Found an ancient bone altar of Kikubaaqudgha.
  3520 | D:5      | HP: 7/30 [orc wizard/puff of flame (6)]
  3521 | D:5      | 3521 ||| READING 3 scrolls of teleportation.
  3522 | D:5      | Killed from afar by an orc wizard

Levels and vault maps discovered:
D:1:      elethiomel_arrival_maze, layout_basic
D:2:      layout_loops_cross, hellmonk_ecumenical_altar_lost_god, minivault_19
D:3:      layout_rooms, mainiacjoe_overflow_alcove_2, st_stairs_4,
          chequers_garden, uniq_crazy_yiuf_cottage, uniq_ijyb
D:4:      layout_basic, ashenzari_altar_1, fiery_altar_vehumet,
          minmay_starry_boxes
D:5:      layout_gridville, gammafunk_temple_overflow_wave,
          nicolae_overflow_crystal_walls, minmay_temple_entry_proselytizer,
          gammafunk_ghost_gnarly_gnolls
Temple:   nicolae_temple_godpark

Skill      XL: |  1  2  3  4  5  6 |
---------------+-------------------+-----
Dodging        | 3 4 5 6 |  6.5
Ranged Weapons | 5 6 |  6.8
Fighting       | 2 |  2.0
Stealth        | |  1.5

Action                     |  1- 3 |  4- 6 || total
---------------------------+-------+-------++-------
   Fire: Shortbow          |    90 |   153 ||   243
    Use: Scroll            |     6 |     6 ||    12
         Potion            |       |     1 ||     1
 Armour: Robe              |     8 |    24 ||    32
  Dodge: Dodged            |    21 |    44 ||    65

Table legend:
 A = Non-vault XP
 B = Vault XP
 C = Vault XP percentage of total XP
 D = Non-vault monster count
 E = Vault monster count
 F = Vault count percentage of total count
                 A         B        C        D         E       F
            +---------+---------+-------+---------+---------+-------
      Total |     621 |      91 |  12.8 |      71 |       8 |  10.1
            +---------+---------+-------+---------+---------+-------
        D:1 |      39 |       0 |   0.0 |      24 |       0 |   0.0
        D:2 |      55 |       0 |   0.0 |      13 |       0 |   0.0
        D:3 |      40 |      42 |  51.2 |      12 |       4 |  25.0
        D:4 |      22 |       6 |  21.4 |       7 |       3 |  30.0
        D:5 |     465 |      43 |   8.5 |      15 |       1 |   6.2
            +---------+---------+-------+---------+---------+-------
